 Dungeon Crawl Stone Soup version 0.30.0-19-g36f170ea60 (webtiles) character file.

Game seed: 13368658646242741721

254084 Strat the Eclecticist (level 20, -7/157 HPs)
             Began as a Djinni Fire Elementalist on May 28, 2023.
             Was the Champion of Makhleb.
             Mangled by a deep troll (20 damage)
             ... led by an ironbound preserver
             ... on level 2 of the Vaults on June 1, 2023.
             The game lasted 02:30:20 (46533 turns).

Strat the Eclecticist (Djinni Fire Elementalist)   Turns: 46533, Time: 02:30:21

Health: -7/157     AC:  3    Str:  9    XL:     20   Next: 54%
Gold:   3706       EV: 21    Int: 21    God:    Makhleb [******] SH: 11 Dex: 17

rFire   + + .        a - +2 double sword (elec)
rCold   x . .        T - +1 buckler {rPois}
rNeg    . . .        N - +0 acid dragon scales
rPois   ∞            l - +0 helmet
rElec   .            V - +2 cloak {Will+}
rCorr   +            P - +2 pair of gloves
SInv    +            (boots unavailable)
Will    +++..        y - amulet of reflection
Stlth   ++           m - ring of see invisible
HPRegen 0.46/turn    E - +5 ring of evasion
MPRegen 0.00/turn

%: reflection, infuse magic (-8 HP)
@: death channelling, corroded, flying
A: sickness immunity, fire resistance 2, cold vulnerability 1, float, innate
caster, HP casting, extra vitality 1
}: 2/15 runes: decaying, gossamer
a: Renounce Religion, Minor Destruction, Lesser Servant of Makhleb, Major
Destruction, Greater Servant of Makhleb


You were on level 2 of the Vaults.
You worshipped Makhleb.
Makhleb was exalted by your worship.
You visited 7 branches of the dungeon, and saw 33 of its levels.
You also visited: Ossuary and Volcano.

You collected 4372 gold pieces.
You spent 666 gold pieces at shops.

Inventory:

Hand Weapons
 a - a +2 double sword of electrocution (weapon)
 b - a +0 scimitar of flaming
Missiles
 G - 9 curare-tipped darts
 Q - a throwing net
Armour
 l - a +0 helmet (worn)
 N - +0 acid dragon scales (worn)
 P - a +2 pair of gloves (worn)
 T - a +1 buckler of poison resistance (worn)
 U - the +1 tower shield of Zifueg {rElec Int+3}
   (You took it off Louise on level 4 of the Spider Nest)

   Int:       It affects your intelligence (+3).
   rElec:     It insulates you from electricity.
 V - a +2 cloak of willpower (worn)
Magical Staves
 o - a staff of conjuration
Jewellery
 m - a ring of see invisible (left hand)
 r - a +6 ring of intelligence
 y - an amulet of reflection (around neck)
 A - a ring of protection from cold
 E - a +5 ring of evasion (right hand)
 I - an amulet of the acrobat
 J - a ring of protection from cold
 R - a ring of willpower
Wands
 i - a wand of mindburst (6)
 k - a wand of flame (52)
 C - a wand of roots (37)
 M - a wand of light (7)
 O - a wand of digging (12)
 X - a wand of charming (22)
 Y - a wand of polymorph (4)
Scrolls
 c - 4 scrolls of brand weapon
 e - 9 scrolls of magic mapping
 f - 5 scrolls of poison
 g - 6 scrolls of enchant weapon
 h - 26 scrolls of identify
 q - 3 scrolls of enchant armour
 w - 11 scrolls of teleportation
 z - a scroll of blinking
 D - 2 scrolls of silence
 F - 2 scrolls of fear
 K - 5 scrolls of fog
Potions
 d - 3 potions of resistance
 j - a potion of invisibility
 n - 15 potions of might
 p - 2 potions of mutation
 s - 7 potions of lignification
 t - 5 potions of brilliance
 u - 8 potions of haste
 v - 11 potions of curing
 x - 7 potions of ambrosia
 B - a potion of berserk rage
 H - 6 potions of heal wounds
 L - a potion of cancellation
Miscellaneous
 S - a phantom mirror


   Skills:
 - Level 18.0 Fighting
 - Level 10.0 Long Blades
 - Level 5.0 Armour
 - Level 10.0 Dodging
 - Level 1.5 Stealth
 - Level 4.0 Shields
 + Level 20.5 Spellcasting
 - Level 10.0 Invocations


You knew the following spells:

 Your Spells              Type           Power      Damage    Failure   Level
a - Foxfire               Conj/Fire      100%       2x1d9     0%          1
b - Scorch                Fire           100%       2d9       0%          2
c - Volatile Blastmotes   Fire/Tloc      100%       2d18      0%          3
d - Inner Flame           Hex/Fire       82%        N/A       0%          3
e - Flame Wave            Conj/Fire      82%        2d18      0%          4
f - Slow                  Hex            100%       N/A       0%          1
g - Searing Ray           Conj           100%       2d8       0%          2
h - Hailstorm             Conj/Ice       82%        3d17      0%          3
i - Confusing Touch       Hex            82%        N/A       0%          3
j - Borgnjor's Vile Clut  Necr/Erth      41%        N/A       1%          5
k - Fireball              Conj/Fire      41%        3d17      1%          5
l - Death Channel         Necr           41%        N/A       1%          6
m - Spellforged Servitor  Conj/Summ      41%        N/A       1%          7
n - Simulacrum            Ice/Necr       41%        N/A       1%          6
Your spell library was empty.

Dungeon Overview and Level Annotations

Branches:
Dungeon (15/15)            Temple (1/1) D:4            Lair (5/5) D:10
  Swamp (4/4) Lair:3       Spider (4/4) Lair:3        Slime (0/5) Lair:5
    Orc (2/2) D:10            Elf (0/3) Orc:2        Vaults (2/5) D:14
 Depths (0/4) D:15        Ossuary (visited)         Volcano (visited)
  Crypt: Vaults:2-3

Altars:
Ashenzari
Cheibriados
Dithmenos
Elyvilon
Fedhas
Gozag
Hepliaklqana
Makhleb
Nemelex Xobeh
Okawaru
Qazlal
Ru
Trog
Uskayaw
Wu Jian
Xom
Yredelemnul
Zin
The Shining One
Jiyva

Shops:
D:5 ?   D:9 (!!   D:10 ?   Orc:1 (   Orc:2 =*[(

Portals:
Trove: D:14 (give 18 scrolls of teleportation)

Annotations:
D:9 3 runed translucent doors, Kamelo's ghost, journeyman GrEE
Lair:5 exclusion: obsidian statue
Swamp:2 2 transporters, exclusion: orange crystal statue
Spider:4 Roxanne


Innate Abilities, Weirdness & Mutations

You are immune to sickness and miasma.
You are immune to poison.
Your flesh is very heat resistant. (rF++)
You are vulnerable to cold. (rC-)
You float through the air rather than walking.
You learn spells naturally, not from books.
Your magical power is your life essence.
You have superior vitality. (+4 MHP)


Message History

The ironbound convoker hits your spectral ironbound convoker with a +0 dire flail!!
Your spectral ironbound convoker is destroyed!
You completely miss the ironbound convoker.
The ironbound convoker is almost dead.
The zombie hands constrict the ironbound convoker!!
You kill the ironbound convoker!
Makhleb accepts your kill.
The zombie hands constrict the entropy weaver!
A glowing mist starts to gather...
The entropy weaver hits your spectral ironbound convoker!
The entropy weaver hits your spectral ironbound convoker!!
The entropy weaver hits your spectral ironbound convoker!
The entropy weaver hits your spectral ironbound convoker!!
Your spectral ironbound convoker is destroyed!
The entropy weaver hits your spectral ironbound convoker!!
Your spectral ironbound convoker is destroyed!
The ironbound convoker begins to recite a word of recall!
The deep troll closely misses you. The deep troll claws you!!
* * * LOW HITPOINT WARNING * * *
The deep troll barely misses you.
Casting: Borgnjor's Vile Clutch (safe; 1% risk of failure)
Confirm with . or Enter, or press ? or * to list all spells.
Aiming: Borgnjor's Vile Clutch (safe; 1% risk of failure)
Press: ? - help, Shift-Dir - straight line, f - deep troll, p - entropy weaver
Aim: a deep troll (severely wounded, strong, 100% to hit)
Okay, then.
Casting: Borgnjor's Vile Clutch (safe; 1% risk of failure)
Confirm with . or Enter, or press ? or * to list all spells.
You summon a servant imbued with your destructive magic!
* * * LOW HITPOINT WARNING * * *
The zombie hands constrict the entropy weaver!
You block the entropy weaver's attack. x2; The entropy weaver hits you!
* * * LOW HITPOINT WARNING * * *
The entropy weaver completely misses you.
The deep troll bites you!!
* * * LOW HITPOINT WARNING * * *
The deep troll claws you!
* * * LOW HITPOINT WARNING * * *
The deep troll claws you!!
You die...

#########
+.......+
#.......#
#...)9Z.#
#...p.B.#
#.....T@#
+...).B)#
#########


You could see 2 entropy weavers, a deep troll (strong), an ironbound convoker
(strong, chanting recall, distracted, drained), a friendly spellforged servitor
(summoned) and a friendly spectral vault warden.

Vanquished Creatures
  Nikola (Swamp:1)
  Kirke (Swamp:2)
  A thorn hunter (Swamp:4)
  4 fenstrider witches
  A vault warden (Vaults:2)
  3 ghost moths
  A broodmother (Spider:4)
  A very ugly thing (Vaults:1)
  An orc warlord (Orc:2)
  An ironbound thunderhulk (Vaults:1)
  5 dire elephants
  3 eleionomae
  2 bunyips (Swamp:2)
  Nessos (D:12)
  3 spark wasps
  2 yaktaur captains (Vaults:1)
  An entropy weaver (Vaults:1)
  A great orb of eyes (Vaults:1)
  4 vault guards
  14 hydras
  A radroach (Spider:4)
  A ghost crab (Swamp:1)
  2 ogre magi
  3 boulder beetles
  9 centaur warriors
  9 alligators
  9 two-headed ogres
  6 death yaks (Lair:4)
  3 orc high priests (Orc:2)
  A tengu warrior (D:13)
  A spriggan berserker (Swamp:4)
  A vampire mage (D:15)
  Sonja (Orc:2)
  A hell knight (Volcano)
  A spectral death yak (Lair:5)
  A pharaoh ant (Lair:3)
  2 skeletal warriors (D:15)
  4 goliath frogs
  A spriggan druid (Swamp:4)
  A sun moth (Spider:4)
  3 deep trolls (Vaults:1)
  A flayed ghost (D:13)
  A spectral anaconda (Lair:5)
  4 bog bodies
  4 ironbound convokers
  5 swamp dragons
  Pikel (D:8)
  5 steelbarb worms
  A lindwurm (Lair:4)
  2 wizards (Vaults:1)
  2 orb spiders
  7 orc knights
  A sphinx zombie (Vaults:1)
  4 necromancers
  A frost giant zombie (D:15)
  4 orc sorcerers (Orc:2)
  8 ugly things
  A deep elf pyromancer (D:15)
  6 wolf spiders
  A moth of wrath (Spider:3)
  A will-o-the-wisp (Swamp:2)
  3 manticores
  4 cyclopes
  A fire giant skeleton (D:15)
  4 black mambas
  16 elephants
  2 molten gargoyles (Volcano)
  A vault sentinel (Vaults:1)
  9 cane toads
  2 gargoyles
  2 torpor snails
  3 demonic crawlers
  An unseen horror (D:12)
  2 rime drakes
  2 efreet
  8 yaktaurs
  Psyche (D:12)
  A tengu conjurer (D:13)
  2 freezing wraiths (D:15)
  10 komodo dragons
  A dire elephant skeleton (Lair:5)
  2 tyrant leeches
  8 trolls
  2 bloated husks
  Prince Ribbit (D:6)
  5 meliai
  10 tarantellas
  A polar bear (Lair:3)
  9 blink frogs
  8 hornets
  A spectral elephant (Lair:5)
  22 slime creatures
  2 culicivoras
  8 jumping spiders
  A centaur simulacrum (D:15)
  A spriggan skeleton (D:15)
  29 yaks
  5 wyverns
  4 shadows
  18 fire bats
  A fire elemental (D:15)
  5 wraiths
  7 spriggans
  A vampire (D:13)
  3 basilisks
  11 redbacks
  4 vampire mosquitoes
  4 wargs
  A death yak simulacrum (Lair:5)
  2 steam dragons
  Edmund (D:6)
  A glowing shapeshifter zombie (D:15)
  11 swamp worms
  2 spectral cane toads (Lair:5)
  4 acid dragons
  13 water moccasins
  4 sky beasts (D:7)
  A swamp drake (Swamp:4)
  A black bear (D:10)
  3 ogres
  30 orc warriors
  10 wolves
  An elephant skeleton (Lair:5)
  3 lemures (D:8)
  8 centaurs
  A phantom (D:5)
  A kobold brigand (D:9)
  An elf zombie (Ossuary)
  A nameless horror (Vaults:1)
  11 bullfrogs
  2 scorpions
  A cane toad simulacrum (Lair:5)
  21 killer bees
  2 elephant simulacra (Lair:5)
  An electric eel (Lair:3)
  6 howler monkeys
  5 lava snakes (Volcano)
  2 human zombies
  A jelly (D:8)
  28 orc priests
  2 hounds (D:5)
  2 sleepcaps
  2 iguanas
  38 orc wizards
  3 mummies (Ossuary)
  10 adders
  4 gnolls (D:5)
  3 shadow imps
  A white imp (D:5)
  2 adder zombies (Ossuary)
  A worm (D:2)
  3 dart slugs
  78 orcs
  7 ball pythons
  66 bats
  5 endoplasms
  5 giant cockroaches
  5 goblins
  6 hobgoblins
  2 jackals (D:3)
  A quokka (D:3)
  3 training dummies (Orc:1)
  2 frilled lizards
  4 goblin zombies (Ossuary)
  2 hobgoblin zombies (Ossuary)
  10 kobolds
  2 kobold zombies (Ossuary)
  3 quokka zombies (Ossuary)
  5 rats
  3 rat zombies (Ossuary)
880 creatures vanquished.

Vanquished Creatures (collateral kills)
  Arachne (Spider:4)
  A sphinx (Vaults:1)
  2 thorn hunters (Swamp:4)
  2 emperor scorpions
  Louise (Spider:4)
  4 vault wardens (Vaults:1)
  A ghost moth (Spider:4)
  3 ironbound preservers (Vaults:1)
  3 very ugly things (Vaults:1)
  2 broodmothers (Spider:4)
  2 ironbound thunderhulks (Vaults:1)
  2 eleionomae (Swamp:4)
  7 dire elephants
  2 spark wasps
  2 shambling mangroves
  A yaktaur captain (Vaults:1)
  3 entropy weavers
  A great orb of eyes (Vaults:1)
  A ghost crab (Swamp:4)
  2 vault guards (Vaults:1)
  13 hydras (Swamp:4)
  2 centaur warriors (Vaults:1)
  4 ironbound frosthearts (Vaults:1)
  A radroach (Spider:4)
  4 alligators
  A boulder beetle (Spider:2)
  6 spriggans (Swamp:4)
  A deep elf knight (Spider:3)
  A goliath frog (Swamp:3)
  2 deep trolls (Vaults:1)
  10 orb spiders
  A deep elf archer (Spider:3)
  2 spriggan druids (Swamp:4)
  A bog body (Swamp:3)
  3 steelbarb worms (Spider:4)
  9 swamp dragons
  4 ironbound convokers
  A necromancer (Vaults:1)
  A wizard (Vaults:1)
  6 ugly things (Vaults:1)
  2 will-o-the-wisps (Swamp:3)
  11 wolf spiders
  3 moths of wrath (Spider:4)
  7 vault sentinels (Vaults:1)
  4 demonic crawlers
  3 torpor snails
  4 yaktaurs (Vaults:1)
  11 hornets
  A yaktaur skeleton (Vaults:1)
  A meliai (Spider:4)
  A raiju (Spider:3)
  7 tarantellas
  25 jumping spiders
  12 slime creatures (Vaults:1)
  An ettin skeleton (Vaults:1)
  16 culicivoras
  6 hogs (Swamp:2)
  35 redbacks
  2 swamp worms
  8 swamp drakes (Swamp:4)
276 creatures vanquished.

Vanquished Creatures (others)
  A ghost moth (Spider:4)
  A spriggan druid (Swamp:3)
  A wizard (D:14)
  A bloated husk (Swamp:1)
  2 orc wizards
  117 foxfires
123 creatures vanquished.

Grand Total: 1279 creatures vanquished

Notes
Turn   | Place    | Note
-------+----------+-------------------------------------------
     0 | D:1      | Strat the Djinni Fire Elementalist began the quest for the
                  | Orb.
     0 | D:1      | Strat set off with the following spells memorised: Foxfire,
                  | Scorch, Volatile Blastmotes, Inner Flame, Flame Wave.
     0 | D:1      | Reached XP level 1. HP: 15/15 MP: 0/0
   316 | D:1      | Reached XP level 2. HP: 19/22 MP: 0/0
   385 | D:1      | Reached skill level 1 in Fighting
   644 | D:1      | Reached skill level 3 in Spellcasting
   644 | D:1      | Reached XP level 3. HP: 25/27 MP: 0/0
   644 | D:1      | Learned a level 1 spell: Slow
  1320 | D:2      | Reached XP level 4. HP: 31/32 MP: 0/0
  2094 | D:3      | Reached XP level 5. HP: 28/38 MP: 0/0
  2094 | D:3      | Learned a level 2 spell: Searing Ray
  2139 | D:3      | Reached skill level 4 in Spellcasting
  2310 | D:3      | Found a blossoming altar of Fedhas.
  2713 | D:4      | Reached XP level 6. HP: 20/43 MP: 0/0
  2978 | D:4      | Found a shimmering altar of Xom.
  3235 | D:4      | Found a staircase to the Ecumenical Temple.
  3248 | Temple   | Entered the Ecumenical Temple
  3465 | Temple   | Became a worshipper of Makhleb the Destroyer
  3546 | D:5      | Entered Level 5 of the Dungeon
  3592 | D:4      | Reached skill level 5 in Spellcasting
  3803 | D:4      | Reached XP level 7. HP: 17/49 MP: 0/0
  3803 | D:4      | Learned a level 3 spell: Hailstorm
  4131 | D:5      | Found Picky's Magic Scroll Boutique.
  4151 | D:5      | Reached skill level 6 in Spellcasting
  4168 | D:5      | Bought a scroll of poison for 48 gold pieces
  4168 | D:5      | Bought 3 scrolls of identify for 72 gold pieces
  4404 | D:5      | Found a hazy altar of Hepliaklqana.
  4931 | D:5      | Noticed a water moccasin
  4949 | D:5      | Killed a water moccasin
  4950 | D:5      | Reached XP level 8. HP: 45/56 MP: 0/0
  5555 | D:5      | Found a hide-covered altar of Uskayaw.
  5556 | D:5      | Found an iron altar of Okawaru.
  5858 | D:6      | Noticed Prince Ribbit
  5979 | D:6      | Reached * piety under Makhleb
  6160 | D:6      | Noticed Edmund
  6175 | D:6      | Killed Edmund
  6176 | D:6      | Reached skill level 5 in Fighting
  6176 | D:6      | Reached skill level 7 in Spellcasting
  6297 | D:6      | Found a snail-covered altar of Cheibriados.
  6322 | D:6      | Killed Prince Ribbit
  6323 | D:6      | Reached XP level 9. HP: 48/66 MP: 0/0
  6323 | D:6      | Learned a level 3 spell: Confusing Touch
  6577 | D:6      | Identified the +1 ring mail of Theory {-Tele Rampage rF+
                  | Regen+}
  6758 | D:6      | Identified the +5 sling "Hoicziruoqae" {freeze, rN+ Str+4
                  | Dex-5}
  6996 | D:7      | Found a sand-covered staircase.
  7001 | Ossuary  | Entered an ossuary
  7403 | D:7      | Reached skill level 8 in Spellcasting
  7574 | D:7      | Reached ** piety under Makhleb
  8208 | D:7      | Identified the +0 leather armour "Voheufel" {Contam rPois
                  | Will++ Str+3}
  8327 | D:7      | Noticed a two-headed ogre
  8431 | D:8      | Identified 3 scrolls of acquirement
  8431 | D:8      | Acquired a manual of Fighting
  8433 | D:8      | Acquired a +5 ring of evasion
  8435 | D:8      | Acquired 1141 gold pieces
  8567 | D:8      | Noticed a two-headed ogre
  8911 | D:8      | Found a broken altar of Ashenzari.
  8949 | D:8      | Reached XP level 10. HP: 73/75 MP: 0/0
  9167 | D:8      | Noticed Pikel
  9221 | D:8      | Killed Pikel
  9222 | D:8      | Reached skill level 9 in Spellcasting
  9375 | D:8      | Reached skill level 10 in Spellcasting
  9774 | D:8      | Killed a two-headed ogre
 10224 | D:9      | Found Ivvol's Antique Weapon Emporium.
 10254 | D:9      | Reached XP level 11. HP: 70/84 MP: 0/0
 10254 | D:9      | Learned a level 5 spell: Borgnjor's Vile Clutch
 10432 | D:9      | Found Ririetuo's Distillery.
 10444 | D:9      | Bought a potion of haste for 110 gold pieces
 10454 | D:9      | Found a runed translucent gate.
 10454 | D:9      | Found a runed translucent gate.
 10454 | D:9      | Found a runed translucent gate.
 10630 | D:9      | Found Itunt's Distillery.
 10642 | D:9      | Reached skill level 10 in Fighting
 10707 | D:9      | Bought a potion of heal wounds for 75 gold pieces
 10707 | D:9      | Bought a potion of brilliance for 60 gold pieces
 10832 | D:9      | Noticed Kamelo's ghost (journeyman GrEE)
 10945 | D:9      | Found a glowing silver altar of Zin.
 10946 | D:9      | Noticed an angel
 11053 | D:10     | Entered Level 10 of the Dungeon
 11233 | D:10     | Found a staircase to the Orcish Mines.
 11437 | D:10     | Reached *** piety under Makhleb
 11865 | D:10     | Reached skill level 11 in Spellcasting
 11971 | D:10     | Found a staircase to the Lair.
 12361 | D:10     | Reached skill level 5 in Dodging
 12818 | D:10     | Found Ukhifaff's Magic Scroll Boutique.
 12825 | D:10     | Bought a scroll of teleportation for 39 gold pieces
 12825 | D:10     | Bought a scroll of blinking for 97 gold pieces
 13218 | D:11     | Noticed a cyclops
 13237 | D:11     | Killed a cyclops
 13238 | D:11     | Noticed a cyan ugly thing
 13549 | D:11     | Reached skill level 1 in Invocations
 13871 | D:11     | Killed a cyan ugly thing
 14138 | D:12     | Noticed a two-headed ogre
 14146 | D:12     | Killed a two-headed ogre
 14147 | D:12     | Reached skill level 12 in Spellcasting
 14147 | D:12     | Reached XP level 12. HP: 89/92 MP: 0/0
 14434 | D:12     | Noticed Nessos
 14663 | D:12     | Noticed a two-headed ogre
 14838 | D:12     | Reached **** piety under Makhleb
 14901 | D:12     | Killed Nessos
 15079 | D:12     | Noticed Psyche
 15084 | D:12     | Killed Psyche
 15112 | D:12     | Noticed a boulder beetle
 15131 | D:12     | Killed a boulder beetle
 15338 | D:12     | Killed a two-headed ogre
 15841 | Lair:1   | Entered Level 1 of the Lair of Beasts
 16428 | D:10     | Reached skill level 1 in Armour
 16428 | D:10     | Reached skill level 5 in Invocations
 16429 | D:10     | Reached skill level 13 in Spellcasting
 17102 | Lair:2   | Noticed a six-headed hydra
 17138 | Lair:2   | Killed a six-headed hydra
 17261 | Lair:2   | Reached XP level 13. HP: 89/99 MP: 0/0
 17261 | Lair:2   | Learned a level 5 spell: Fireball
 17401 | Lair:2   | Noticed a six-headed hydra
 17414 | Lair:2   | Killed a six-headed hydra
 17508 | Lair:2   | Noticed a seven-headed hydra
 17526 | Lair:2   | Killed a seven-headed hydra
 17698 | Lair:2   | Reached skill level 5 in Armour
 18902 | Lair:3   | Found a hole to the Spider Nest.
 18924 | Lair:3   | Reached ***** piety under Makhleb
 19164 | Lair:3   | Found a staircase to the Swamp.
 19995 | Lair:4   | Reached XP level 14. HP: 80/108 MP: 0/0
 20981 | Lair:5   | Entered Level 5 of the Lair of Beasts
 21021 | Lair:5   | Reached skill level 14 in Spellcasting
 21224 | Lair:5   | Found a dark tunnel.
 21228 | Volcano  | Entered a volcano
 21576 | Volcano  | Found a bloodstained altar of Trog.
 21590 | Volcano  | Reached skill level 10 in Invocations
 22449 | Lair:5   | Found a staircase to the Slime Pits.
 22451 | Lair:5   | Found a viscous altar of Jiyva.
 22688 | Lair:5   | Noticed a dire elephant
 22688 | Lair:5   | Noticed a dire elephant
 22690 | Lair:5   | Noticed a dire elephant
 22957 | Lair:5   | Killed a dire elephant
 22977 | Lair:5   | Killed a dire elephant
 22978 | Lair:5   | Reached skill level 15 in Spellcasting
 23414 | Lair:5   | Identified the +9 dagger of Cataclysm {flame, Will+}
 23627 | Lair:5   | Reached XP level 15. HP: 101/116 MP: 0/0
 23627 | Lair:5   | Learned a level 6 spell: Death Channel
 24063 | Orc:1    | Entered Level 1 of the Orcish Mines
 24063 | Orc:1    | Found Jonuall's Firing Range.
 24761 | Orc:1    | Reached ****** piety under Makhleb
 24850 | Orc:2    | Entered Level 2 of the Orcish Mines
 25090 | Orc:2    | Found a staircase to the Elven Halls.
 25165 | Orc:2    | Noticed Sonja
 25174 | Orc:2    | Killed Sonja
 25207 | Orc:2    | Noticed an orc warlord
 25694 | Orc:2    | Acquired a +2 double sword of electrocution
 25915 | Orc:2    | Reached skill level 1 in Long Blades
 26429 | Orc:2    | Killed an orc warlord
 27101 | Orc:2    | Found Nidora's General Store.
 27102 | Orc:2    | Found Gugeuk's Jewellery Shoppe.
 27104 | Orc:2    | Found Yloseguts's Antique Armour Shoppe.
 27104 | Orc:2    | Found Reulan's Antique Weapon Emporium.
 27130 | Orc:2    | Bought a runed buckler for 165 gold pieces
 27758 | D:13     | Reached skill level 1 in Shields
 27888 | D:13     | Reached skill level 16 in Spellcasting
 28629 | D:13     | Found a runed translucent door.
 28683 | D:13     | Found a shimmering altar of Xom.
 28729 | D:13     | Found a sparkling altar of Nemelex Xobeh.
 28787 | D:13     | Found a blossoming altar of Fedhas.
 28826 | D:13     | Found a shimmering altar of Xom.
 28884 | D:13     | Reached skill level 15 in Fighting
 28891 | D:13     | Found a shimmering altar of Xom.
 29512 | D:14     | Reached XP level 16. HP: 119/126 MP: 0/0
 29778 | D:14     | Found an iron altar of Okawaru.
 30294 | D:14     | Found a portal to a secret trove of treasure.
 30741 | D:14     | Paralysed by something for 2 turns
 30819 | D:14     | Found a gate to the Vaults.
 31120 | D:15     | Entered Level 15 of the Dungeon
 31731 | D:15     | Found a staircase to the Depths.
 33004 | Swamp:1  | Entered Level 1 of the Swamp
 33007 | Swamp:1  | Identified the +0 ring mail of the Armadillo {rElec rPois
                  | rN++ Str-5}
 33023 | Swamp:1  | Reached skill level 5 in Long Blades
 33751 | Swamp:1  | Noticed Nikola
 33760 | Swamp:1  | Killed Nikola
 33761 | Swamp:1  | Reached skill level 17 in Spellcasting
 34237 | Swamp:2  | Identified the +9 arbalest of Jeosank {flame, rPois rF+
                  | Dex+2}
 34344 | Swamp:2  | Reached XP level 17. HP: 115/131 MP: 0/0
 34344 | Swamp:2  | Learned a level 7 spell: Spellforged Servitor
 34594 | Swamp:2  | Found a transporter.
 34594 | Swamp:2  | Noticed a tentacled monstrosity
 34595 | Swamp:2  | Noticed a thorn hunter
 34600 | Swamp:2  | Noticed a thorn hunter
 34611 | Swamp:2  | Noticed a tentacled monstrosity
 34612 | Swamp:2  | Found a transporter.
 34803 | Swamp:2  | Found a runed translucent door.
 35118 | Swamp:2  | Noticed Kirke
 35125 | Swamp:2  | Killed Kirke
 35351 | Swamp:3  | Reached skill level 10 in Dodging
 36235 | Swamp:3  | Reached skill level 18 in Spellcasting
 36332 | Swamp:4  | Entered Level 4 of the Swamp
 36683 | Swamp:4  | Noticed a thorn hunter
 36692 | Swamp:4  | Killed a thorn hunter
 36911 | Swamp:4  | Reached XP level 18. HP: 77/139 MP: 0/0
 37723 | Swamp:4  | Got a decaying rune of Zot
 38018 | Spider:1 | Entered Level 1 of the Spider Nest
 40955 | Spider:3 | Reached XP level 19. HP: 135/147 MP: 0/0
 40955 | Spider:3 | Learned a level 6 spell: Simulacrum
 41529 | Spider:4 | Entered Level 4 of the Spider Nest
 41692 | Spider:4 | Noticed Arachne
 41700 | Spider:4 | Killed Arachne
 42134 | Spider:4 | Reached skill level 19 in Spellcasting
 42896 | Spider:4 | Identified the +1 tower shield of Zifueg {rElec Int+3}
 42896 | Spider:4 | Noticed Louise
 42954 | Spider:4 | Killed Louise
 43001 | Spider:4 | Reached skill level 10 in Long Blades
 43026 | Spider:4 | Noticed Roxanne
 43594 | Spider:4 | Got a gossamer rune of Zot
 43610 | Spider:4 | Identified the +1 pair of boots of Lifelessness {MP+9}
 44119 | Vaults:1 | Entered Level 1 of the Vaults
 45247 | Vaults:1 | Reached XP level 20. HP: 152/157 MP: 0/0
 45588 | Vaults:1 | Reached skill level 20 in Spellcasting
 46533 | Vaults:2 | Mangled by a deep troll

Illustrated notes

Levels and vault maps discovered:
D:1:      dpeg_arrival_three_same_balls, layout_loops_ring, st_stairs_5
D:2:      layout_loops_cross, grunt_decor_cap, minmay_pentomino_t2
D:3:      layout_basic, fedhas_altar_4, minmay_fractal_squares_gapless_5
D:4:      layout_loops_ring, mainiacjoe_overflow_paths, temple_statues
D:5:      layout_layer_cave, nicolae_overflow_two_pavilions,
          kennysheep_mini_moat, serial_shops, nicolae_shop_tiny_glass
D:6:      layout_basic, mainiacjoe_overflow_small_starburst, uniq_edmund,
          uniq_prince_ribbit1
D:7:      kennysheep_big_flooded_room, layout_basic, enter_ossuary_5
D:8:      layout_loops_corners, evilmike_ruin_ashenzari, uniq_pikel
D:9:      layout_rooms, zin_angel, gammafunk_ghost_necromancy, serial_shops,
          shop, nicolae_shop_statue_plus, nicolae_shop_waterfront,
          serial_curves, eino_curves_02, eino_curves_03
D:10:     layout_grid_maze, minmay_lair_entry_grove, david_orc_1_choice,
          serial_shops, nicolae_diamond_shop
D:11:     layout_basic
D:12:     layout_long_grid, uniq_psyche, uniq_nessos
D:13:     due_megacathedral, layout_basic
D:14:     layout_basic, grunt_vaults_entry_fortified, enter_trove_2,
          dk_noncrumbling_2, drop_trap, minmay_holes, okawaru_gym_becter
D:15:     gammafunk_depths_entry_grave, layout_basic, nicolae_water_bricks,
          serial_glass, glass_columns_b, glass_columns_b, glass_columns_a,
          glass_columns_c, glass_columns_a, glass_columns_c
Temple:   dpeg_chambers_temple
Lair:1:   layout_roguey
Lair:2:   layout_gridlike
Lair:3:   layout_cave_pods, nicolae_swamp_entry_splash_gauntlet,
          nicolae_spider_entry_lesser_pyramids, lemuel_fruit_fields
Lair:4:   layout_roguey, grunt_megastairs_2, lemuel_fruit_fields
Lair:5:   due_jungle_book, layout_concentric_octagons, slime_entry_1,
          nicolae_volcano_entry_lava_flow, infiniplex_staircase_pool
Swamp:1:  layout_basic_swamp, evilmike_swamp_ruin_rubble_1, swamp_pool3,
          uniq_nikola
Swamp:2:  gammafunk_sealed_arena, layout_falls_marsh, nicolae_swamp_treefoil,
          swamp_pool1, nzn_swamp_weyward_sisters, uniq_kirke
Swamp:3:  layout_falls_marsh, portal_ice_cave_entry_pillars_three,
          hangedman_swamp_ruin_wall
Swamp:4:  swamp_basic_johnstein, layout_basic_swamp, swamp_pool3
Spider:1: layout_spider_delve
Spider:2: cheibrodos_forgotten_conduit, hangedman_spider_trapstep
Spider:3: layout_spider_delve, beargit_elvish_explorers
Spider:4: grunt_spider_rune_parallel, nicolae_spider_twisty_arc_passages,
          uniq_roxanne, uniq_arachne, uniq_louise
Orc:1:    layout_diamond_mine, serial_shops, nicolae_shop_hallway_stairs,
          basic_altar, nicolae_shop_firing_range, uniq_urug, uniq_erolcha
Orc:2:    st_orc_congregation, layout_diamond_mine, basic_altar,
          mumra_transporter_accident, uniq_sonja
Vaults:1: nicolae_vaults_holding_cells, nicolae_vaults_swerve,
          nicolae_vaults_double_plus_2, vaults_room_pool,
          hangedman_vaults_nails, v_alt_pattern_2, nicolae_vaults_tetromino_Z_2,
          ontoclasm_vaults_misaligned, nicolae_vaults_what_the_h,
          nicolae_vaults_closet_pinwheel_1, nicolae_vaults_double_plus_2,
          nicolae_vaults_double_plus_3, hangedman_vaults_cutoff,
          nicolae_vaults_house_1, vaults_room_fours, layout_vaults_omnicross
Vaults:2: vaults_mumra_minichess, st_more_cells,
          nicolae_vaults_doubleplus_tesselated, v_misc_2,
          nicolae_vaults_meiosis, minmay_crypt_entry_simple_sparse, v_rooms_5,
          v_misc_16, nicolae_vaults_circle_grid_b,
          ontoclasm_vaults_claustrophobia, layout_vaults_ring

Skill      XL: |  1  2  3  4  5  6  7  8  9 10 11 12 13 14 15 16 17 18 19 20 |
---------------+-------------------------------------------------------------+-----
Fighting       | 1 2 3 5 7 9 10 11 12 13 15 16 18 | 18.0
Spellcasting   | 3 4 5 6 7 8 10 12 13 15 16 17 18 19 20 | 20.5
Dodging        | 5 6 9 10 | 10.0
Invocations    | 2 6 9 10 | 10.0
Armour         | 3 5 |  5.0
Long Blades    | 3 5 6 8 10 | 10.0
Shields        | 2 4 |  4.0
Stealth        | |  1.5

Action                     |  1- 3 |  4- 6 |  7- 9 | 10-12 | 13-15 | 16-18 | 19-21 || total
---------------------------+-------+-------+-------+-------+-------+-------+-------++-------
  Melee: Dagger            |    15 |     3 |       |       |       |       |       ||    18
         Whip              |       |    11 |   132 |    46 |   147 |       |       ||   336
         Short sword       |       |    22 |       |       |       |       |       ||    22
         Punch             |       |       |       |       |     3 |       |       ||     3
         Double sword      |       |       |       |       |   204 |    85 |    27 ||   316
         Unarmed           |       |       |       |       |       |    18 |       ||    18
   Cast: Foxfire           |    39 |    21 |     4 |       |       |       |       ||    64
         Scorch            |    13 |    18 |   120 |   112 |    55 |       |       ||   318
         Searing Ray       |       |    13 |    12 |    45 |     2 |       |       ||    72
         Flame Wave        |       |       |     1 |    13 |     3 |       |       ||    17
         Borgnjor's Vile C |       |       |       |    56 |   385 |   238 |   145 ||   824
         Fireball          |       |       |       |       |    70 |   148 |    14 ||   232
         Spellforged Servi |       |       |       |       |       |    74 |    60 ||   134
         Death Channel     |       |       |       |       |       |       |     7 ||     7
  Evoke: Wand              |       |       |     2 |     8 |     2 |       |     1 ||    13
    Use: Potion            |       |     3 |       |     4 |     2 |     2 |     3 ||    14
         Scroll            |       |       |    20 |     8 |     2 |     8 |     2 ||    40
   Stab: Sleeping          |       |       |     2 |     1 |       |     2 |       ||     5
         Distracted        |       |       |     1 |       |       |     1 |       ||     2
 Armour: Robe              |     9 |    11 |    34 |    10 |       |       |       ||    64
         Troll leather arm |       |       |       |     4 |       |       |       ||     4
         Acid dragon scale |       |       |       |    21 |   154 |    46 |    24 ||   245
  Dodge: Dodged            |    28 |    47 |    99 |   185 |   455 |   166 |   100 ||  1080
  Block: Other             |       |    13 |    36 |    58 |    59 |       |       ||   166
         Reflection        |       |       |     1 |     7 |     4 |    12 |    20 ||    44
         Buckler           |       |       |       |       |   154 |   113 |    81 ||   348
